 BcadrenCrawl: Boulder Brew version 0.03.2.1-32-g00f802a9a0 (webtiles) character file.

Game seed: 15370107838010305513, levelgen mode: deterministic

2276108 esc the Kobold Catapult (level 27, 186/186 HPs) Kobold Noble. Began on Jan 22, 2021. Was an Initiate of Gozag Ym Sagoz. Escaped with the Orb ... and 3 runes! The game lasted 02:04:33 (40977 turns).

esc the Kobold Catapult (Kobold Noble)             Turns: 40977, Time: 02:04:34

Health: 186/186    AC: 32    Str: 26      XL:     27
Magic:  24/24      EV: 26    Int: 12 (13) God:    Gozag Ym Sagoz
Gold:   4476       SH: 21    Dex: 30      Spells: 28/28 levels left

rFire    + + .     Vision   +   c - +9 fustibalus (molten)
rCold    + . .     Gourm    .   w - +5 heater shield of Amorality {Str+6}
rNeg     . . .     Faith    .   V - +8 chain mail of the Midnight Sun {rF+ Regen+}
rPois    .         Spirit   .   M - +0 mask of the Dragon {MR+ Slay+3 +Vis}
rElec    +         Reflect  .   S - +1 cloak of Starlight {rElec rC+ EV+4 Stlth--}
rCorr    .         Harm     .   d - +2 pair of gloves {archery}
MR       ++++.                  R - +2 pair of boots {rElec+}
Stlth    ++........             Q - amulet "Lity" {*Contam rF+ Regen+ Str+3}
HPRegen  1.52/turn              T - ring of slaying
MPRegen  0.34/turn              U - ring "Kobodys" {MR+ Str+5 Dex+7}

@: no status effects
A: small, carnivore, weak 1, no potion heal 2
0: Orb of Zot
}: 3/15 runes: serpentine, barnacled, silver
a: Potion Petition, Call Merchant, Bribe Branch, Renounce Religion


You escaped.
You worshipped Gozag Ym Sagoz.
Gozag Ym Sagoz was most pleased with you.
You were not hungry.

You visited 8 branches of the dungeon, and saw 39 of its levels.
You also visited: Trove and Market.

You collected 33670 gold pieces.
You spent 10015 gold pieces at shops.
You paid 20179 gold pieces to Gozag.

Inventory:

Weapons
 c - a +9 fustibalus of molten steel (weapon) Shields
 w - the +5 heater shield of Amorality (shield) {Str+6}
   (You bought it in a shop on level 2 of the Orcish Mines)

   Base shield rating: 8 Skill to remove penalty: 3.0 It affects your strength
   (+6).
Armour
 d - a +2 pair of gloves of archery (worn)
 e - a +10 plate armour of fire resistance
 D - a +2 cloak of magic resistance
 M - the +0 mask of the Dragon (worn) {MR+ Slay+3 +Vis}
   (You bought it in a shop on level 6 of the Lair of Beasts)

   It affects your accuracy and damage with ranged weapons and melee attacks
   (+3).
   It affects your resistance to hostile enchantments.
   It improves your vision.
 R - a +2 pair of boots of insulation (worn)
 S - the +1 cloak of Starlight (worn) {rElec rC+ EV+4 Stlth--}
   (You found it in a treasure trove)

   It affects your evasion (+4).
   It protects you from cold.
   It insulates you from electricity.
   It makes you much less stealthy.
 V - the +8 chain mail of the Midnight Sun (worn) {rF+ Regen+}
   (You found it in a treasure trove)

   It protects you from fire.
   It increases your rate of regeneration.
Jewellery
 v - the ring of Kitotah {rPois rN+ MP-9 Dex+8 Stlth+}
   (You bought it in a shop on level 6 of the Lair of Beasts)

   [ring of positive energy]

   It affects your dexterity (+8).
   It protects you from poison.
   It protects you from negative energy.
   It affects your magic capacity (-9).
   It makes you more stealthy.
 Q - the amulet "Lity" (around neck) {*Contam rF+ Regen+ Str+3}
   (You found it on level 5 of the Vaults)

   [amulet of regeneration]

   It affects your strength (+3).
   It protects you from fire.
   It causes magical contamination when unequipped.
   It increases your rate of regeneration.
 T - a ring of slaying (left hand)
 U - the ring "Kobodys" (right hand) {MR+ Str+5 Dex+7}
   (You bought it in a shop on level 5 of the Depths)

   [ring of strength]

   It affects your strength (+5).
   It affects your dexterity (+7).
   It affects your resistance to hostile enchantments.
Wands
 a - a wand of scattershot (8)
 h - a wand of random effects (104)
 n - a wand of hasting (24)
 p - a wand of disintegration (31)
 r - a wand of enslavement (15)
 t - a wand of acid (27)
 y - a wand of flame (155)
 F - a wand of iceblast (65)
 I - a wand of polymorph (70)
 J - a wand of clouds (13)
 L - a wand of ensnaring (12)
 P - a wand of healing (4)
Scrolls
 f - 20 scrolls of teleportation
 j - 6 scrolls of summoning
 l - 11 scrolls of blinking
 m - 15 scrolls of fog
 z - 11 scrolls of enchantment
 A - 4 scrolls of fear
 C - 4 scrolls of bless item
 E - 9 scrolls of magic mapping
 K - 6 scrolls of holy word
 O - 2 scrolls of silence
Potions
 g - 11 potions of agility
 i - 3 potions of mutation
 k - 4 potions of invisibility
 o - 9 potions of ambrosia
 q - 10 potions of berserk rage
 s - 38 potions of curing
 u - 15 potions of might
 x - 8 potions of magic
 B - 27 potions of heal wounds
 G - 10 potions of cancellation
 H - 7 potions of haste
 N - 5 potions of resistance
Comestibles
 b - 31 rations


   Skills:
 + Level 22.9 Fighting
 O Level 27 Slings
 + Level 16.9 Armour
 + Level 24.2 Dodging
 + Level 26.1 Stealth
 + Level 19.7 Shields
 - Level 1.0 Spellcasting


You had 28 spell levels left.
You didn't know any spells.
Your spell library contained the following spells:

 Spells                   Type           Power        Failure   Level  Hunger
 Beastly Appendage        Tmut           0 (50)       50%         1    ##.....
 Confusing Touch          Hex            0 (50)       50%         1    ##.....
 Flame Tongue             Fire           0 (30)       50%         1    ##.....
 Freeze                   Ice            0 (25)       50%         1    ##.....
 Magic Candle             Hex/Fire       0 (90)       50%         1    ##.....
 Pain                     Hex/Necr       0 (25)       50%         1    ##.....
 Sandblast                Erth           0 (50)       50%         1    ##.....
 Shock                    Air            0 (25)       50%         1    ##.....
 Summon Butterflies       Summ           0 (100)      50%         1    ##.....
 Summon Small Mammal      Summ           0 (25)       50%         1    ##.....
 Blink                    Tloc           N/A          63%         2    ###....
 Call Imp                 Summ           0 (100)      63%         2    ###....
 Ensorcelled Hibernation  Hex/Ice        0 (50)       63%         2    ###....
 Passwall                 Tmut/Erth      0 (120)      63%         2    ###....
 Shroud of Golubria       Chrm/Tloc      0 (200)      63%         2    ###....
 Slow                     Hex            0 (100)      63%         2    ###....
 Sticks to Snakes         Tmut           0 (100)      63%         2    ###....
 Swiftness                Chrm/Air       0 (100)      63%         2    ###....
 Throw Frost              Ice            0 (50)       63%         2    ###....
 Blinding Spray           Hex/Pois       0 (50)       86%         3    ####...
 Call Canine Familiar     Summ           0 (100)      86%         3    ####...
 Confuse                  Hex            0 (100)      86%         3    ####...
 Conjure Flame            Fire           0 (100)      86%         3    ####...
 Mephitic Cloud           Pois/Air       0 (100)      86%         3    ####...
 Ozocubu's Armour         Chrm/Ice       0 (100)      86%         3    ####...
 Pryten's Skeletal Upris  Chrm/Necr      0 (200)      86%         3    ####...
 Regeneration             Chrm/Necr      0 (200)      86%         3    ####...
 Scorpion Form            Tmut/Pois      0 (200)      86%         3    ####...
 Snakes to Sticks         Hex/Tmut       0 (100)      86%         3    ####...
 Static Discharge         Air            0 (100)      86%         3    ####...
 Stone Arrow              Erth           0 (50)       86%         3    ####...
 Teleport Other           Hex/Tloc       0 (100)      86%         3    ####...
 Tukima's Dance           Hex            0 (100)      86%         3    ####...
 Vampiric Draining        Necr           0 (200)      86%         3    ####...
 Animate Dead             Necr           N/A          99%         4    #####..
 Force Lance              Tloc/Air       0 (200)      99%         4    #####..
 Force Lasso              Tloc/Erth      0 (200)      99%         4    #####..
 Fulminant Prism          Hex            0 (200)      99%         4    #####..
 Hailstorm                Ice            0 (100)      99%         4    #####..
 Ice Form                 Ice/Tmut       0 (100)      99%         4    #####..
 Petrify                  Tmut/Erth      0 (100)      99%         4    #####..
 Summon Ice Beast         Ice/Summ       0 (100)      99%         4    #####..
 Throw Icicle             Ice            0 (100)      99%         4    #####..
 Blade Hands              Tmut           0 (200)      100%        5    ######.
 Bolt of Magma            Fire/Erth      0 (200)      100%        5    ######.
 Lee's Rapid Deconstruct  Erth           0 (200)      100%        5    ######.
 Lightning Bolt           Air            0 (200)      100%        5    ######.
 Methodical Deconstructi  Erth           0 (200)      100%        5    ######.
 Silence                  Hex/Air        0 (200)      100%        5    ######.
 Summon Lightning Spire   Summ/Air       0 (100)      100%        5    ######.
 Summon Mana Viper        Summ/Pois      0 (100)      100%        5    ######.
 Summon Spider Mount      Summ/Pois      0 (200)      100%        5    ######.
 Bolt of Fire             Fire           0 (200)      100%        6    #######
 Conjure Ball Lightning   Air            0 (200)      100%        6    #######
 Deflect Missiles         Chrm/Air       0 (200)      100%        6    #######
 Freezing Cloud           Ice/Air        0 (200)      100%        6    #######
 Starburst                Fire           0 (200)      100%        6    #######
 Haunt                    Necr/Summ      0 (200)      100%        7    #######
 Borgnjor's Revivificati  Necr           0 (200)      100%        8    #######
 Death's Door             Chrm/Necr      0 (200)      100%        8    #######
 Ignition                 Fire           0 (200)      100%        8    #######
 Necromutation            Tmut/Necr      0 (200)      100%        8    #######
 Shatter                  Erth           0 (200)      100%        9    #######
 Tornado                  Air            0 (200)      100%        9    #######
 Passage of Golubria      Tloc           Unusable     N/A         4    N/A

Dungeon Overview and Level Annotations

Branches:
Dungeon (8/8)              Temple (0/1) D:4            Lair (6/6) D:5
 Shoals (4/4) Lair:2        Snake (4/4) Lair:4        Slime (0/5) Lair:5
    Orc (2/2) D:6             Elf (0/3) Orc:2        Vaults (5/5) D:7
  Crypt (0/3) Vaults:3     Depths (5/5) D:8             Zot (5/5) Depths:5

Altars:
Ashenzari
Cheibriados
Dithmenos
Fedhas Madash
Gozag Ym Sagoz
Hepliaklqana
Kikubaaqudgha
Makhleb
Nemelex Xobeh
Ru
Vehumet
Xom
Beogh
Jiyva

Shops:
D:3 *   Orc:2 %([(   Lair:6 =*   Shoals:1 [   Shoals:2 ?   Shoals:4 =((=
Snake:4 !   Vaults:1 ([[*   Vaults:3 }   Vaults:5 *   Depths:1 *   Depths:3 =(?
Depths:5 =}=

Portals:
Hell: Lair:6 Depths:1 Depths:2 Depths:3 Depths:4 Depths:5
Abyss: Depths:3 Depths:4 Depths:5
Pandemonium: Depths:3 Depths:4
Ziggurat: Depths:2

Annotations:
D:2 exclusion: door
D:4 3 runed translucent doors, Lanoc's ghost, novice DrDs
Lair:2 2 transporters, Arahon's ghost, journeyman DrMo
Lair:5 1 runed translucent door


Innate Abilities, Weirdness & Mutations

You are small and have problems with some larger weapons.
You are carnivorous and can eat meat at any time.
You are weak. (Str -2)
Potions are poor at restoring your health.


Message History

The sling bullet burns the ice devil (24)!!
The ice devil is almost dead. (5/45) HP A rust devil comes into view.
Aiming:
c - a +9 fustibalus of molten steel, Range: 4 (125%)
Press: ? - help, Shift-Dir - straight line, f/p - ice devil
Aim: an ice devil (almost dead (6/45))
You shoot a sling bullet.
The sling bullet hits the ice devil (30)!!
The sling bullet burns the ice devil (9)!
You kill the ice devil!
Aiming:
c - a +9 fustibalus of molten steel, Range: 6 (100%)
Press: ? - help, Shift-Dir - straight line, f - rust devil
Aim: a rust devil (healthy (43/43))
You shoot a sling bullet.
The sling bullet hits the rust devil (61)!!!
You kill the rust devil!
You enter the shallow water.
Moving in this stuff is going to be slow.
There is a staircase leading out of the dungeon here.
You have escaped!

..^##..# #####...#.########.# #
..÷.)..# #...+...'........#.# #
######.# #†#.#...#.##.....#.#####
.......# #.#.....#.##.....#....†.
#####..# #.#.)...#.###.##########
###.#..###.#.#####.###.#
...............≈.#.....#
.##.#.####...≈≈≈≈#≈#####
.##.#.##########@>############
###.#.#...$..?..≈.≈.$...[....####
..#.#.#.##..##......##..##...#..†
....#.#.....$................#.##
.##.#.#.######$.....######...#.#
.#....#......................#.#
.#..#.#.####################.#.#
....#...# #...# #...##### #####


There were no monsters in sight!

Vanquished Creatures
  4 ancient liches
  Mara (Vaults:2)
  7 orbs of fire
  7 Killer Klowns (Zot:5)
  Boris (Vaults:2)
  Saint Roka (Vaults:3)
  Frederick (Vaults:2)
  Margery (Depths:4)
  3 golden dragons
  Nikola (Depths:3)
  Jory (Depths:4)
  A Tzitzimitl (D:6)
  8 liches
  An Ice Fiend (Depths:3)
  6 titans (Vaults:5)
  14 caustic shrikes
  7 quicksilver dragons
  4 acid blobs (Depths:3)
  8 shadow dragons
  16 storm dragons
  An Executioner (Zot:5)
  An ancient champion (Vaults:3)
  3 sphinxes
  5 plutonium crabs
  A revenant (Vaults:3)
  8 draconian monks
  2 krakens
  Circe (Snake:4)
  An iron dragon (Vaults:5)
  4 tengu reavers
  An iron dragon (shapeshifter) (Vaults:4)
  A blood saint (D:8)
  Ilsuiw (Shoals:4)
  4 draconian knights
  An orc warlord (Orc:2)
  7 nagarajas
  A cacodemon (Depths:5)
  The ghost of Lanoc the Executioner, a veteran HODs of Beogh (Vaults:4)
  2 platinum draconians
  Aizul (Vaults:3)
  3 war gargoyles (Vaults:5)
  12 vault wardens
  16 frost giants
  5 draconian shifters
  5 fire giants
  10 ironheart preservers
  4 draconian stormcallers (Zot:1)
  5 draconian sharpshooters
  9 ghost moths
  28 Orb Guardians
  A deep elf elementalist (Vaults:5)
  A silver draconian (Zot:5)
  A teal draconian (Zot:3)
  4 blue draconians
  3 golden draconians
  7 vampire knights
  2 entropy weavers (Vaults:5)
  5 death cobs
  3 pearl draconians
  5 purple draconians
  8 draconian annihilators
  3 blood draconians
  3 lime draconians
  3 black draconians
  2 scintillating draconians
  An olive draconian (Zot:2)
  5 white draconians
  3 red draconians
  A deep elf demonologist (Vaults:3)
  A green draconian (Zot:3)
  4 bone draconians
  The ghost of Polaczum the Brawler, an adept TrMo of Nemelex Xobeh (Depths:3)
  19 tentacled monstrosities
  10 spark wasps
  4 merfolk javelineers
  A fire dragon (shapeshifter) (Depths:5)
  3 deep elf annihilators (Vaults:5)
  3 azure jellies (Depths:3)
  2 chaos butterflies
  A crystal guardian (Vaults:5)
  8 fire dragons
  2 mummy priests (Lair:1)
  2 deep elf high priests (Vaults:5)
  Josephine (Orc:2)
  A deep elf death mage (Vaults:3)
  12 ice dragons
  3 merfolk avatars
  16 naga warriors
  2 blizzard demons
  15 very ugly things
  2 spriggan air magi
  5 rakshasas
  13 deep troll shamans
  A death knight (Vaults:3)
  3 jiangshi (Depths:5)
  18 deep troll earth magi
  8 great orbs of eyes
  24 stone giants
  A vampire mage (Depths:5)
  2 hell beasts
  A lorocyproca (Orc:2)
  3 catoblepae
  2 satyrs (Shoals:3)
  7 merfolk aquamancers
  15 merfolk impalers
  7 boulder beetles
  An alligator snapping turtle (Shoals:3)
  A soul eater (Zot:5)
  5 hell knights (Depths:4)
  4 spriggan berserkers (Depths:3)
  5 shock serpents
  A swooping magpie (shapeshifter) (Vaults:3)
  19 naga sharpshooters
  5 death oozes (Depths:3)
  16 ettins
  The ghost of Comi the Carver, a journeyman TeBe of Trog (Lair:6)
  18 yaktaur captains
  2 spriggan defenders (Depths:3)
  17 ogre magi
  2 swooping magpies
  A dire elephant (Lair:6)
  4 deep elf knights
  3 large abominations (Depths:5)
  3 unseen horrors
  An orc high priest (Orc:2)
  28 vault guards
  Sonja (Orc:2)
  7 anacondas
  44 two-headed ogres
  A fire crab (Lair:6)
  8 phantasmal warriors
  20 hydras
  17 ironbrand convokers
  A salamander mystic (Snake:3)
  14 naga ritualists
  12 shadow wraiths
  11 balloon dogs
  4 tengu warriors
  7 glowing orange brains
  2 glowing orange brains (shapeshifter)
  3 deep elf archers
  41 harpies
  14 orc knights
  3 skeletal warriors
  11 flayed ghosts
  32 deep trolls
  12 fauns
  11 wizards
  9 centaur warriors
  A sun demon (Depths:3)
  2 torpor snails
  2 sixfirhies
  2 guardian serpents (shapeshifter)
  17 death yaks
  5 guardian serpents
  5 necromancers
  4 spriggans (Depths:3)
  14 giraffes
  12 deep elf magi
  2 oklob plants (Lair:4)
  15 salamanders
  15 manticores
  A gelid demonspawn (D:1)
  20 moths of wrath
  An orb spider (shapeshifter) (Depths:1)
  8 merfolk sirens
  7 orc sorcerers
  13 sea snakes
  A rust devil (D:1)
  14 vault sentinels
  A titan zombie (Vaults:5)
  22 mana vipers
  41 naga magi
  8 water nymphs
  An eye of devastation (shapeshifter) (Vaults:5)
  A gargoyle (D:8)
  41 black mambas
  3 iron trolls
  30 ugly things
  A hellwing (Depths:3)
  7 ice devils
  A smoke demon (Lair:6)
  17 eyes of devastation (Depths:3)
  10 elephants
  29 spiny frogs
  10 trolls
  A kobold demonologist (Depths:3)
  A meliai (shapeshifter) (Vaults:4)
  4 wolf spiders
  A rime drake (shapeshifter) (Vaults:1)
  4 small abominations (Depths:5)
  37 yaktaurs
  5 freezing wraiths
  A tormentor (Depths:1)
  4 rime drakes
  4 orange demons
  12 snapping turtles
  A wolf spider (shapeshifter) (Vaults:5)
  A tengu zombie (Vaults:3)
  A jumping spider (Vaults:5)
  6 komodo dragons
  2 red devils (Lair:6)
  4 hornets (Depths:3)
  2 queen bees (shapeshifter)
  2 shadow dragon skeletons (Vaults:5)
  A blink frog (shapeshifter) (Depths:4)
  A polar bear (shapeshifter) (Depths:2)
  2 human skeletons (Vaults:3)
  A sphinx skeleton (Depths:1)
  14 blink frogs
  2 wind drakes
  A raiju (shapeshifter) (Vaults:1)
  9 wraiths
  12 dream sheep
  38 merfolk
  A merfolk (shapeshifter) (Vaults:5)
  A neqoxec (Depths:3)
  A steam dragon (D:5)
  A human zombie (Vaults:5)
  A tengu simulacrum (Depths:3)
  A yaktaur skeleton (Vaults:5)
  A vampire (D:7)
  7 water elementals
  7 cyclopes
  A golden dragon simulacrum (Depths:3)
  An iron dragon simulacrum (Depths:3)
  8 shadows (Depths:4)
  A sphinx simulacrum (Vaults:5)
  2 hippogriffs
  5 acid dragons
  5 chaos elementals (Depths:5)
  26 yaks
  A basilisk (shapeshifter) (D:7)
  3 fire giant simulacra
  5 hogs (Snake:4)
  An elf skeleton (Vaults:5)
  2 fire elementals (Depths:2)
  A hog (shapeshifter) (Vaults:4)
  A hungry ghost (D:5)
  6 basilisks
  2 golden eyes (shapeshifter)
  2 golden eyes (Depths:3)
  59 nagas
  An ettin skeleton (Vaults:5)
  5 redbacks
  A spriggan skeleton (Depths:1)
  12 vampire mosquitoes
  37 slime creatures
  A wolf spider zombie (D:7)
  2 guardian mummies (D:3)
  4 wargs
  A necrophage (D:4)
  2 phantoms
  16 water moccasins
  8 hell hounds
  42 orc warriors
  20 scorpions
  2 floating eyes
  13 porcupines
  A swamp drake (Orc:1)
  Duvessa (D:3)
  3 sky beasts
  A black bear (D:5)
  A fire dragon simulacrum (Depths:1)
  2 ice beasts
  2 spark wasp simulacra (Depths:3)
  An eye of draining (shapeshifter) (Vaults:4)
  47 ogres
  14 wolves
  A glowing shapeshifter simulacrum (Depths:3)
  23 crocodiles
  27 bullfrogs
  4 big kobolds
  A human simulacrum (Vaults:3)
  7 centaurs
  A meliai zombie (D:7)
  5 harpy skeletons (D:7)
  Dowan (D:3)
  12 howler monkeys
  6 killer bees (D:5)
  18 wights
  20 electric eels
  2 crimson imps
  12 orc priests
  10 hounds
  21 jellies
  Crazy Yiuf (D:2)
  A gnoll shaman (D:3)
  7 mummies (D:3)
  3 iguanas
  35 orc wizards
  6 hell rats (Lair:6)
  5 worker ants
  A wyvern zombie (D:4)
  2 wyvern skeletons
  13 giant cockroaches
  An iron imp (Orc:1)
  3 bullfrog zombies (D:4)
  3 porcupine skeletons (D:3)
  9 bullfrog skeletons
  A shadow imp (Orc:1)
  9 adders
  A bullfrog simulacrum (D:6)
  3 gnolls (D:3)
  67 sewer rats
  2 white imps
  8 cinder newts
  2 worms
  A giant cockroach zombie (D:3)
  2 hound zombies (D:3)
  A howler monkey zombie (D:3)
  2 worker ant zombies (D:3)
  2 howler monkey skeletons (D:3)
  4 oozes (D:2)
  A hound skeleton (D:3)
  9 leopard geckos
  133 orcs
  5 adder skeletons
  4 adder zombies (D:3)
  4 ball pythons
  A cinder newt skeleton (D:2)
  3 goblins (D:1)
  4 hobgoblins (D:1)
  16 jackals
  11 quokkas
  A ball python zombie (D:3)
  A bat (D:1)
  2 bat skeletons (D:2)
  A goblin skeleton (D:2)
  2 jackal skeletons (D:3)
  3 jackal zombies (D:3)
  6 kobolds (D:2)
  A leopard gecko skeleton (D:3)
  A leopard gecko zombie (D:3)
  3 quokka skeletons
  A quokka zombie (D:3)
  6 rats (D:1)
  6 fungi
  A jellyfish (Shoals:1)
  24 plants
  2 slimeheads (D:2)
  A tentacle (Shoals:3)
  21 withered plants (D:2)
2534 creatures vanquished.

Vanquished Creatures (others)
  A dancing weapon (Vaults:5)
  16 wandering mushrooms (D:2)
  A sewer rat (D:2)
  A howler monkey skeleton (D:3)
  A ball python (D:2)
  A leopard gecko skeleton (D:3)
  6 fungi
  2 jellyfish
  12 plants
  7 tentacles
  111 withered plants (D:2)
159 creatures vanquished.

Grand Total: 2693 creatures vanquished

Notes
Turn   | Place    | Note
-------+----------+-------------------------------------------
     0 | Start Ma | esc the Kobold Noble began the quest for the Orb.
     0 | Start Ma | Reached XP level 1. HP: 12/12 MP: 2/2
     0 | Start Ma | Found Onkaej Ihyiv's Expert Tomes.
     0 | Start Ma | Found Ampi's Auxillary Armour.
     4 | Start Ma | Bought a +0 fustibalus for 300 gold pieces
     8 | Start Ma | Bought a +0 pair of gloves of archery for 230 gold pieces
     8 | Start Ma | Found Xicraf's Mashing MeleeMart.
    18 | Start Ma | Bought an uncursed ring of protection for 440 gold pieces
    32 | D:1      | esc set off with the following items: a +0 robe, a ration,
                  | a +0 fustibalus, a +0 pair of gloves of archery, a ring of
                  | protection
    52 | D:1      | Reached skill level 1 in Slings
    81 | D:1      | Reached skill level 3 in Slings
    81 | D:1      | Reached XP level 2. HP: 16/16 MP: 3/3
   103 | D:1      | Reached XP level 3. HP: 20/20 MP: 4/4
   138 | D:1      | Reached skill level 4 in Slings
   146 | D:1      | Reached XP level 4. HP: 25/25 MP: 5/5
   163 | D:1      | Reached skill level 5 in Slings
   192 | D:1      | Reached skill level 6 in Slings
   254 | D:1      | Reached XP level 5. HP: 24/29 MP: 6/6
   488 | D:1      | Reached skill level 7 in Slings
   678 | D:2      | Reached XP level 6. HP: 34/34 MP: 7/7
   703 | D:2      | Reached skill level 8 in Slings
   720 | D:2      | Reached skill level 9 in Slings
   723 | D:2      | Reached XP level 7. HP: 38/38 MP: 8/8
   862 | D:2      | Reached skill level 10 in Slings
  1079 | D:2      | Reached skill level 11 in Slings
  1087 | D:2      | Found an opulent altar of Gozag.
  1098 | D:2      | Became a worshipper of Gozag Ym Sagoz the Greedy
  1111 | D:2      | Reached XP level 8. HP: 42/43 MP: 9/9
  1151 | D:2      | Found a shimmering altar of Xom.
  1151 | D:2      | Found a shimmering altar of Xom.
  1151 | D:2      | Found a shimmering altar of Xom.
  1151 | D:2      | Found a shimmering altar of Xom.
  1151 | D:2      | Found a shimmering altar of Xom.
  1151 | D:2      | Noticed a boulder beetle
  1155 | D:2      | Found a shimmering altar of Xom.
  1155 | D:2      | Found a shimmering altar of Xom.
  1294 | D:2      | Reached skill level 12 in Slings
  1482 | D:2      | Reached skill level 13 in Slings
  1693 | D:2      | Found a runed translucent door.
  1696 | D:2      | Noticed Crazy Yiuf
  1800 | D:2      | Reached XP level 9. HP: 47/47 MP: 10/10
  2060 | D:2      | Reached skill level 1 in Dodging
  2224 | D:2      | Killed Crazy Yiuf
  2343 | D:3      | Reached skill level 14 in Slings
  2343 | D:3      | Reached skill level 1 in Shields
  2534 | D:3      | Reached XP level 10. HP: 58/58 MP: 11/11
  2576 | D:3      | Reached skill level 5 in Dodging
  2587 | D:3      | Reached skill level 5 in Fighting
  2598 | D:3      | Reached skill level 15 in Slings
  2833 | D:3      | Identified a scroll of acquirement
  2888 | D:3      | Identified the ring of Starshine {rN+ MR+ Int+5} (You
                  | acquired it on level 3 of the Dungeon)
  2980 | D:3      | Found an ancient bone altar of Kikubaaqudgha.
  2993 | D:3      | Noticed Dowan
  2993 | D:3      | Noticed Duvessa
  2994 | D:3      | Killed Dowan
  2995 | D:3      | Killed Duvessa
  2996 | D:3      | Found an opulent altar of Gozag.
  3003 | D:3      | Found Gozag's Platinum Reserve.
  3459 | D:4      | Found a staircase to the Ecumenical Temple.
  3482 | D:4      | Reached skill level 5 in Shields
  3519 | D:4      | Noticed Lanoc's ghost (novice DrDs)
  3540 | D:4      | Reached skill level 16 in Slings
  3562 | D:4      | Found a runed translucent gate.
  3564 | D:4      | Found a runed translucent gate.
  3565 | D:4      | Found a runed translucent gate.
  3570 | D:4      | Reached XP level 11. HP: 64/64 MP: 12/12
  4256 | D:5      | Entered Level 5 of the Dungeon
  4345 | D:5      | Found a burning altar of Makhleb.
  4536 | D:5      | Reached skill level 5 in Stealth
  4640 | D:5      | Reached skill level 17 in Slings
  4788 | D:5      | Found a staircase to the Lair.
  5350 | D:6      | Found a staircase to the Orcish Mines.
  5382 | D:6      | Reached skill level 1 in Armour
  5391 | D:6      | Noticed a two-headed ogre
  5400 | D:6      | Killed a two-headed ogre
  5401 | D:6      | Reached XP level 12. HP: 4/73 MP: 13/13
  5863 | D:6      | Found a snail-covered altar of Cheibriados.
  5904 | D:6      | Reached skill level 18 in Slings
  6044 | Orc:1    | Entered Level 1 of the Orcish Mines
  6244 | Orc:2    | Entered Level 2 of the Orcish Mines
  6244 | Orc:2    | Found a staircase to the Elven Halls.
  6278 | Orc:2    | Killed a lorocyproca
  6446 | Orc:2    | Noticed Josephine
  6450 | Orc:2    | Killed Josephine
  6452 | Orc:2    | Reached XP level 13. HP: 80/80 MP: 14/14
  6501 | Orc:2    | Found a roughly hewn altar of Beogh.
  6519 | Orc:2    | Noticed Sonja
  6520 | Orc:2    | Killed Sonja
  6557 | Orc:2    | Found a roughly hewn altar of Beogh.
  6559 | Orc:2    | Identified the cursed amulet of Xom's Righteous Anger
                  | {Reflect rElec Int-3 Dex+2 SH+5, (Curse: Fragile)}
  6570 | Orc:2    | Reached skill level 19 in Slings
  6574 | Orc:2    | Found Jonyreli's Food Boutique.
  6686 | Orc:2    | Reached skill level 10 in Dodging
  7072 | Orc:2    | Noticed an orc warlord
  7080 | Orc:2    | Killed an orc warlord
  7087 | Orc:2    | Reached skill level 10 in Stealth
  7102 | Orc:2    | Found Getego's Antique Weapon Shop.
  7104 | Orc:2    | Found a roughly hewn altar of Beogh.
  7106 | Orc:2    | Found Nerax's Antique Armour Boutique.
  7216 | Orc:2    | Found a roughly hewn altar of Beogh.
  7228 | Orc:2    | Found Umatuxka's Antique Weapon Shoppe.
  7273 | Orc:2    | Found a roughly hewn altar of Beogh.
  7433 | Orc:1    | Found a roughly hewn altar of Beogh.
  7835 | Orc:2    | Bought a glowing scale mail for 140 gold pieces
  7853 | Orc:2    | Bought a warped heater shield for 218 gold pieces
  7853 | Orc:2    | Identified the cursed +5 heater shield of Amorality {Str+6,
                  | (Curse: rF-)} (You bought it in a shop on level 2 of the
                  | Orcish Mines)
  7865 | Orc:2    | Bought a shimmering iron troll leather for 600 gold pieces
  7865 | Orc:2    | Identified the cursed +1 iron troll leather of Leapfrog
                  | {-Cast rC+++ Regen+ rCorr Str-3 Stlth+, (Curse: rC-)} (You
                  | bought it in a shop on level 2 of the Orcish Mines)
  7971 | Lair:1   | Entered Level 1 of the Lair of Beasts
  8008 | Lair:1   | Reached skill level 20 in Slings
  8227 | Lair:1   | Reached skill level 10 in Fighting
  8227 | Lair:1   | Reached skill level 5 in Armour
  8259 | Lair:1   | Reached XP level 14. HP: 88/88 MP: 15/15
  9034 | Lair:2   | Found a transporter.
  9035 | Lair:2   | Identified the ring "Ejas Gyll" {Str+2 Int+5 Dex+3}
  9045 | Lair:2   | Identified the cursed +8 war axe of the Owl {chop, +Vis,
                  | (Curse: rF-)}
  9075 | Lair:2   | Found a staircase to the Shoals.
  9227 | Lair:2   | Found a transporter.
  9728 | Lair:2   | Noticed Arahon's ghost (journeyman DrMo)
  9903 | Lair:3   | Reached skill level 21 in Slings
 10223 | Lair:3   | Reached XP level 15. HP: 93/93 MP: 16/16
 10920 | Lair:4   | Identified the cursed ring "Tavonic" {*Tele rF+ rC+ Int+2
                  | Dex-2, (Curse: *Drain Fragile)}
 10921 | Lair:4   | Reached skill level 22 in Slings
 10971 | Lair:4   | Reached skill level 10 in Shields
 10974 | Lair:4   | Found a staircase to the Snake Pit.
 11662 | Lair:5   | Found a runed translucent door.
 11667 | Lair:5   | Found a viscous altar of Jiyva.
 11667 | Lair:5   | Found a staircase to the Slime Pits.
 11667 | Lair:5   | Noticed an acid blob
 12277 | Lair:6   | Entered Level 6 of the Lair of Beasts
 12396 | Lair:6   | Reached XP level 16. HP: 101/101 MP: 17/17
 12634 | Lair:6   | Found a runed translucent gate.
 12665 | Lair:6   | Reached skill level 23 in Slings
 12788 | Lair:6   | Identified the +1 leather armour of Pan-Flutes {rElec rC+
                  | Int+3 Dex-4}
 12825 | Lair:6   | Found a runed translucent gate.
 12858 | Lair:6   | Noticed Comi's ghost (journeyman TeBe)
 12859 | Lair:6   | Identified the cursed +1 war axe "Gouh" {freeze, Str+4
                  | Int+4 Stlth+, (Curse: *Noise)}
 12861 | Lair:6   | Found a runed translucent gate.
 12952 | Lair:6   | Found a burning altar of Makhleb.
 12970 | Lair:6   | Found a gateway to Hell.
 13401 | Lair:6   | Killed Comi's ghost
 13437 | Lair:6   | Bought the cursed ring of Kitotah {rPois rN+ MP-9 Dex+8
                  | Stlth+, (Curse: *Tele)} for 433 gold pieces
 13439 | Lair:6   | Bought the +0 mask of the Dragon {MR+ Slay+3 +Vis} for 567
                  | gold pieces
 13439 | Lair:6   | Found the +0 mask of the Dragon {MR+ Slay+3 +Vis}
 13439 | Lair:6   | Bought a potion of agility for 68 gold pieces
 13439 | Lair:6   | Bought a scroll of bless item for 510 gold pieces
 13439 | Lair:6   | Bought a scroll of fog for 34 gold pieces
 13506 | Snake:1  | Entered Level 1 of the Snake Pit
 13691 | Snake:1  | Identified the cursed +11 heater shield "Byny" {Int+2 +Vis,
                  | (Curse: rF-)}
 13770 | Snake:1  | Identified the cursed ring "Zedy" {Wiz Int+6 Stlth+,
                  | (Curse: Fragile rC-)}
 14210 | Snake:2  | Noticed a nagaraja
 14212 | Snake:2  | Killed a nagaraja
 14261 | Snake:2  | Reached XP level 17. HP: 65/108 MP: 9/18
 14686 | Snake:2  | Identified the +10 nunchaku "Menassy" {holy, *Drain rPois
                  | Str+8 Dex+5}
 14973 | Snake:2  | Identified the cursed ring of Zulawuc {Int+5 Dex+6 Stlth-,
                  | (Curse: MR-)}
 14977 | Snake:2  | Reached skill level 24 in Slings
 15257 | Snake:3  | Reached skill level 15 in Dodging
 15604 | Snake:3  | Identified the cursed ring "Kaynukk" {rF+ Str+2 Int+5,
                  | (Curse: Fragile)}
 15813 | Snake:4  | Entered Level 4 of the Snake Pit
 15814 | Snake:4  | Reached XP level 18. HP: 115/115 MP: 10/19
 15995 | Snake:4  | Identified the cursed ring "Rieluviu" {*Tele *Corrode MP+9
                  | Dex+3, (Curse: Fragile)}
 16094 | Snake:4  | Got a serpentine rune of Zot
 16219 | Snake:4  | Noticed Circe
 16221 | Snake:4  | Killed Circe
 16245 | Snake:4  | Found Ihyegash's Distillery.
 16254 | Snake:4  | Bought a potion of haste for 180 gold pieces
 16254 | Snake:4  | Bought 2 potions of heal wounds for 180 gold pieces
 16254 | Snake:4  | Bought 3 potions of heal wounds for 270 gold pieces
 16254 | Snake:4  | Bought a potion of heal wounds for 90 gold pieces
 16254 | Snake:4  | Bought a potion of cancellation for 144 gold pieces
 16589 | Shoals:1 | Entered Level 1 of the Shoals
 16594 | Shoals:1 | Bought a faintly humming plate armour for 896 gold pieces
 16594 | Shoals:1 | Identified the +1 plate armour of Catatonia {rF- Int+3
                  | Dex+3} (You bought it in a shop on level 1 of the Shoals)
 16594 | Shoals:1 | Bought a pair of embroidered boots for 240 gold pieces
 16595 | Shoals:1 | Bought a runed chain mail for 240 gold pieces
 16595 | Shoals:1 | Bought a shiny chain mail for 240 gold pieces
 16595 | Shoals:1 | Bought a shiny chain mail for 240 gold pieces
 16595 | Shoals:1 | Bought a glowing chain mail for 240 gold pieces
 16641 | Shoals:1 | Reached XP level 19. HP: 121/121 MP: 11/20
 16671 | Shoals:1 | Reached skill level 15 in Stealth
 16856 | Shoals:1 | Identified the cursed ring of the Saviour {+Blink rN+ MR+
                  | Str+2 Dex-4, (Curse: Fragile rF-)}
 16912 | Shoals:1 | Identified the ring of Quukadun {Str+5 Dex+4} (You acquired
                  | it on level 1 of the Shoals)
 17030 | Shoals:1 | Identified the cursed ring of the Vanishing Souls {+Blink
                  | rC+ MR+ Stlth+, (Curse: Fragile)}
 17267 | Shoals:2 | Identified the +1 helmet of the Equinox {rF+++ MR- Int+6
                  | Stlth-}
 17459 | Shoals:2 | Found Reostroin's Magic Scroll Shoppe.
 17491 | Shoals:2 | Bought a scroll of fog for 26 gold pieces
 17491 | Shoals:2 | Bought a scroll of acquirement for 676 gold pieces
 17491 | Shoals:2 | Bought a scroll of magic mapping for 45 gold pieces
 17491 | Shoals:2 | Bought a scroll of magic mapping for 45 gold pieces
 17491 | Shoals:2 | Bought a scroll of teleportation for 39 gold pieces
 17491 | Shoals:2 | Bought a scroll of blinking for 97 gold pieces
 17491 | Shoals:2 | Identified the amulet "Fotuurri" {RegenMP Int+7} (You
                  | acquired it on level 2 of the Shoals)
 18077 | Shoals:3 | Reached skill level 15 in Fighting
 18148 | Shoals:3 | Reached skill level 25 in Slings
 18176 | Shoals:3 | Found a sacrificial altar of Ru.
 18473 | Shoals:4 | Entered Level 4 of the Shoals
 18504 | Shoals:4 | Found the +9 sword of Zonguldrok {reap}
 18561 | Shoals:4 | Identified the cursed amulet "Xajyj" {Faith Fragile MR+
                  | Dex+3 Stlth+, (Curse: Fragile)}
 18733 | Shoals:4 | Reached XP level 20. HP: 128/128 MP: 12/21
 18796 | Shoals:4 | Identified the cursed ring "Wamiul" {rF+ rC- rN+ MR+
                  | Slay+2, (Curse: Fragile Stlth-)}
 18798 | Shoals:4 | Noticed Ilsuiw
 18800 | Shoals:4 | Killed Ilsuiw
 19116 | Shoals:4 | Identified the cursed amulet "Zuushroet" {*Drain -Vis +Inv
                  | Str+2, (Curse: rF-)}
 19311 | Shoals:4 | Got a barnacled rune of Zot
 19632 | D:7      | Reached skill level 10 in Armour
 19666 | D:7      | Found a gate to the Vaults.
 19754 | D:7      | Found a blossoming altar of Fedhas.
 19899 | D:7      | Found a radiant altar of Vehumet.
 20008 | D:7      | Found a hazy altar of Hepliaklqana.
 20454 | D:8      | Entered Level 8 of the Dungeon
 20515 | D:8      | Found a shadowy altar of Dithmenos.
 20611 | D:8      | Found a staircase to the Depths.
 20695 | D:8      | Found a shattered altar of Ashenzari.
 20930 | D:8      | Found a sparkling altar of Nemelex Xobeh.
 20985 | D:8      | Identified the cursed ring "Ziax" {rElec MR+ Str+3 Dex+4,
                  | (Curse: Fragile -Vis)}
 21099 | Depths:1 | Entered Level 1 of the Depths
 21183 | Depths:1 | Reached XP level 21. HP: 68/135 MP: 13/22
 21379 | Depths:1 | Found Iraoc's Assorted Antiques.
 21391 | Depths:1 | Bought a dented cameo amulet for 130 gold pieces
 21393 | Depths:1 | Bought an ivory ring for 130 gold pieces
 22336 | Depths:2 | Reached skill level 26 in Slings
 22462 | Depths:2 | Found a gateway to a ziggurat.
 22819 | Depths:2 | Reached XP level 22. HP: 135/143 MP: 14/23
 23120 | Depths:3 | Found a one-way gate leading to the halls of Pandemonium.
 23402 | Depths:3 | Found a runed translucent gate.
 23450 | Depths:3 | Noticed Polaczum's ghost (adept TrMo)
 23451 | Depths:3 | Identified the ring "Mokakkeo" {Fire Str+2}
 24059 | Depths:3 | Found a runed translucent gate.
 24590 | Depths:3 | Noticed Nikola
 24597 | Depths:3 | Killed Nikola
 24795 | Depths:3 | Reached XP level 23. HP: 149/149 MP: 15/24
 24822 | Depths:3 | Found a one-way gate to the infinite horrors of the Abyss.
 24922 | Depths:3 | Found a runed translucent gate.
 25019 | Depths:3 | Killed Polaczum's ghost
 25066 | Depths:3 | Reached skill level 15 in Shields
 25187 | Depths:3 | Bought a scroll of enchantment for 90 gold pieces
 25187 | Depths:3 | Bought a scroll of blinking for 90 gold pieces
 25187 | Depths:3 | Bought a scroll of enchantment for 90 gold pieces
 25187 | Depths:3 | Bought a scroll of enchantment for 90 gold pieces
 25726 | Depths:4 | Noticed Margery
 25752 | Depths:4 | Killed Margery
 25752 | Depths:4 | Reached skill level 27 in Slings
 26161 | Depths:4 | Noticed Jory
 26170 | Depths:4 | Killed Jory
 26182 | Depths:4 | Identified the +2 plate armour "Surghumi" {-Vis rCorr MP+9
                  | Str+4}
 26415 | Depths:4 | Identified the Guide on Ignition
 26613 | Depths:4 | Reached XP level 24. HP: 157/157 MP: 15/24
 26752 | Depths:5 | Entered Level 5 of the Depths
 27188 | Depths:5 | Found Raocwemo's Jewellery Emporium.
 27189 | Depths:5 | Found Jiopog's Gadget Boutique.
 27191 | Depths:5 | Found Wionig's Jewellery Emporium.
 27197 | Depths:5 | Bought the ring "Kobodys" {MR+ Str+5 Dex+7} for 1096 gold
                  | pieces
 27787 | Depths:5 | Found a gate to the Realm of Zot.
 28344 | Vaults:1 | Entered Level 1 of the Vaults
 28459 | Vaults:1 | Found Xickesh's Antique Armour Shoppe.
 28585 | Vaults:1 | Found Suchaz's Antique Weapon Shoppe.
 28585 | Vaults:1 | Found Wacammibri's Antique Armour Boutique.
 28609 | Vaults:1 | Bought a translucent heater shield for 304 gold pieces
 28609 | Vaults:1 | Identified the +3 heater shield "Xupack" {rF+} (You bought
                  | it in a shop on level 1 of the Vaults)
 28814 | Vaults:1 | Found a portal to a secret trove of treasure.
 29423 | Vaults:1 | Identified the cursed ring "Daeniurph" {rPois rC+++ Int+5
                  | Dex-2, (Curse: Fragile rF- Soulbond)}
 29580 | Vaults:2 | Reached XP level 25. HP: 164/164 MP: 24/24
 29676 | Vaults:2 | Identified the cursed ring of Joommonlo {Wiz Dex+3, (Curse:
                  | Fragile)}
 30222 | Vaults:2 | Noticed Boris
 30232 | Vaults:2 | Killed Boris
 30239 | Vaults:2 | Noticed Mara
 30244 | Vaults:2 | Killed Mara
 30438 | Vaults:2 | Noticed Frederick
 30441 | Vaults:2 | Killed Frederick
 30837 | Vaults:3 | Found a staircase to the Crypt.
 31001 | Vaults:3 | Identified the cursed ring of the Thirsty Emperors {Fire
                  | Int+3, (Curse: Fragile MR-)}
 31140 | Vaults:3 | Noticed Aizul
 31143 | Vaults:3 | Killed Aizul
 31192 | Vaults:3 | Found Guveupib's Gadget Boutique.
 31218 | Vaults:3 | Identified the cursed ring of Lafen {rElec Int+5, (Curse:
                  | Fragile Slay-5)}
 31374 | Vaults:3 | Noticed Saint Roka
 31378 | Vaults:3 | Killed Saint Roka
 32067 | Vaults:4 | Identified the cursed ring of Ugechuat {+Fly AC+5 Stlth+,
                  | (Curse: *Corrode Fragile)}
 32096 | Vaults:4 | Reached XP level 26. HP: 172/172 MP: 24/24
 32501 | Vaults:4 | Identified the cursed ring "Maomawnab" {rPois rC+ Int+2
                  | +Vis, (Curse: Fragile)}
 32516 | Vaults:4 | Identified the cursed amulet of Nutytzeawny {Chaos rC+,
                  | (Curse: Fragile MR- Slay-3)}
 32845 | Vaults:4 | Found a runed translucent door.
 32847 | Vaults:4 | Noticed Lanoc's ghost (veteran HODs)
 32848 | Vaults:4 | Identified the +1 robe of Distant Worlds {rPois rN+ Dex+3
                  | Stlth+}
 32859 | Vaults:4 | Killed Lanoc's ghost
 32929 | Vaults:5 | Entered Level 5 of the Vaults
 32929 | Vaults:5 | Identified the cursed ring "Gisoyso" {rElec rF+ EV+5 Str-3
                  | Stlth+, (Curse: Fragile)}
 32929 | Vaults:5 | Identified the cursed ring of Dim Light {rElec Stlth-,
                  | (Curse: Fragile)}
 32936 | Vaults:5 | Identified the +5 scale mail "Loklem" {MP+9 Str+3}
 33159 | Vaults:5 | Noticed an ancient lich
 33164 | Vaults:5 | Killed an ancient lich
 33413 | Vaults:5 | Reached XP level 27. HP: 179/179 MP: 24/24
 33424 | Vaults:5 | Identified the +7 heater shield of the Sun {rF+ rC+ MR+
                  | Dex+2}
 33728 | Vaults:5 | Identified the +15 plate armour "Hitzas" {Int+4} (You took
                  | it off a vault guard on level 5 of the Vaults)
 33862 | Vaults:5 | Got a silver rune of Zot
 34005 | Vaults:5 | Identified the +8 staff of Symmetry {wizard, tMut; Int+7}
 34043 | Vaults:5 | Identified the cursed amulet "Lity" {*Contam rF+ Regen+
                  | Str+3, (Curse: Stlth-)}
 34054 | Vaults:5 | Identified Sif Muna's Papyrus of the Volcanoes
 34662 | Vaults:5 | Bought a scroll of enchantment for 157 gold pieces
 34839 | Vaults:1 | You paid a toll of a +6 demon trident to enter a treasure
                  | trove
 34840 | Trove    | Entered a treasure trove
 34879 | Trove    | Found the +1 cloak of Starlight {rElec rC+ EV+4 Stlth--}
 34879 | Trove    | Identified the cursed +8 chain mail of the Midnight Sun
                  | {rF+ Regen+, (Curse: *Slow)}
 34880 | Trove    | Identified the +0 hat of the Final Dreams {Slay+2}
 34986 | Vaults:1 | Bought a potion of resistance for 410 gold pieces
 35224 | Zot:1    | Entered Level 1 of the Realm of Zot
 35224 | Zot:1    | Identified the cursed amulet of Sotikats {-Vis Str+6,
                  | (Curse: Fragile)}
 35228 | Zot:1    | Noticed an orb of fire
 35462 | Zot:1    | Killed an orb of fire
 35500 | Zot:1    | Reached skill level 15 in Armour
 35648 | Zot:1    | Identified the +5 plate armour of Pegoji {rElec}
 35649 | Zot:1    | Noticed an orb of fire
 35658 | Zot:1    | Killed an orb of fire
 35984 | Zot:1    | Noticed an orb of fire
 35986 | Zot:1    | Gained mutation: Potions are less effective at restoring
                  | your health. [an orb of fire]
 35987 | Zot:1    | Gained mutation: You are weak. (Str -2) [an orb of fire]
 35991 | Zot:1    | Killed an orb of fire
 36797 | Zot:2    | Identified the cursed ring of Syximit {rPois Str-3 Int+3
                  | Stlth+, (Curse: Fragile)}
 37692 | Zot:3    | Noticed an orb of fire
 37954 | Zot:3    | Gained mutation: Potions are poor at restoring your health.
                  | [an orb of fire]
 37958 | Zot:3    | Killed an orb of fire
 39072 | Zot:5    | Entered Level 5 of the Realm of Zot
 39140 | Zot:5    | Noticed an orb of fire
 39144 | Zot:5    | Killed an orb of fire
 39881 | Zot:5    | Noticed an orb of fire
 39886 | Zot:5    | Killed an orb of fire
 39909 | Zot:5    | Noticed an ancient lich
 39912 | Zot:5    | Killed an ancient lich
 39925 | Zot:5    | Noticed a Killer Klown
 39927 | Zot:5    | Killed a Killer Klown
 39927 | Zot:5    | Noticed a Killer Klown
 39929 | Zot:5    | Killed a Killer Klown
 39929 | Zot:5    | Noticed a Killer Klown
 39935 | Zot:5    | Killed a Killer Klown
 40222 | Zot:5    | Noticed a Killer Klown
 40225 | Zot:5    | Killed a Killer Klown
 40237 | Zot:5    | Noticed a Killer Klown
 40240 | Zot:5    | Killed a Killer Klown
 40247 | Zot:5    | Noticed an orb of fire
 40251 | Zot:5    | Killed an orb of fire
 40265 | Zot:5    | Noticed an ancient lich
 40267 | Zot:5    | Killed an ancient lich
 40268 | Zot:5    | Noticed a Killer Klown
 40271 | Zot:5    | Killed a Killer Klown
 40383 | Zot:5    | Noticed an ancient lich
 40386 | Zot:5    | Killed an ancient lich
 40447 | Zot:5    | Got the Orb of Zot
 40452 | Zot:5    | Noticed a Killer Klown
 40461 | Zot:5    | Killed a Killer Klown
 40977 | D:$      | Escaped with the Orb!

Levels and vault maps discovered:
D:1:      dpeg_arrival_line_fractal, layout_basic, first_ration,
          chequers_serial_rivers_micro_d, gup_sewer_entry_spiral
D:2:      layout_sewer, bcadren_xom_bowling, basic_altar,
          uniq_crazy_yiuf_cottage
D:3:      layout_twisted_cavern, nicolae_gozag_zags_fifth_avenue,
          lemuel_crystal_altar, ossuary_minmay_tomb_2a, uniq_duvessa
D:4:      layout_gridville, minmay_temple_entry_stoned_glass,
          gammafunk_ghost_necromancy
D:5:      layout_basic, lemuel_crystal_altar, lair_entry_dummy
D:6:      kennysheep_blocky_room, layout_small_grid,
          nicolae_overflow_hidden_temple
D:7:      layout_long_grid, bcadren_lemuel_inverted_doored_altar,
          lemuel_crystal_altar, old_standard_altar,
          hangedman_vaults_entry_quadrant_bands, minmay_misc_feat_pillars
D:8:      grunt_enter_depths_magical_seal, layout_loops_cross,
          lemuel_crystal_altar, lemuel_crystal_altar, evilmike_ruin_ashenzari,
          minmay_misc_feat_five
Lair:1:   layout_cave_pods, chequers_ossuary_entry_cave, grunt_megastairs_1,
          serial_bayou_shore_b, infiniplex_staircase_pool_2
Lair:2:   layout_chaotic_city, elwin_shoals_entry_rocks,
          gammafunk_ghost_abyssal_escape, beast_lair_carwin_1
Lair:3:   layout_gridlike, st_stairs_13
Lair:4:   layout_roguey, minmay_snake_entry_guardpost_large,
          minmay_lair_oklob_chamber, grunt_megastairs_5, serial_bayou_shore_a
Lair:5:   layout_gridlike, slime_altar_2, infiniplex_staircase_pool
Lair:6:   evil_forest, layout_big_grid, gammafunk_ghost_hydra_chop,
          grunt_megastairs_4
Shoals:1: layout_shoals, st_sunken_huts
Shoals:2: layout_shoals, serial_shops, nicolae_shop_waterfront, overgrown_statue
Shoals:3: layout_shoals, wheals_shoals_ruined_temple
Shoals:4: shoals_end_hangedman, layout_shoals, shoals_ilsuiw_ice,
          nicolae_shoals_seven_spires
Snake:1:  layout_cave_shapes, grunt_ministairs_7
Snake:2:  kennysheep_snake, layout_misc_corridors
Snake:3:  layout_honeycomb
Snake:4:  snake_pit, layout_onion, serial_shops, shop, uniq_circe
Orc:1:    layout_diamond_mine, basic_altar, hangedman_minor_magic
Orc:2:    grunt_orc_community_town_hall, layout_caves,
          grunt_orc_community_big_house_2, grunt_orc_community_big_house_2,
          grunt_orc_community_house_3, grunt_orc_community_house_3,
          grunt_orc_community_house_1, grunt_orc_community_house_2,
          nicolae_orc_stony_grotto, uniq_sonja, uniq_josephine
Vaults:1: v_misc_13, ontoclasm_vaults_eye, vaults_room_pool,
          nicolae_vaults_yaktaur_gun_rack, hangedman_vaults_slice,
          vaults_room_grunt_arrival_ludios, v_misc_2, vaults_room_corners,
          layout_vaults_omnigrid, nicolae_trove_entry_crossroad, serial_shops,
          shop, shop, shop
Vaults:2: v_misc_11, vaults_room_pool, nicolae_vaults_network_periphery,
          v_misc_2, v_misc_24, v_rooms_1, ontoclasm_vaults_tryst,
          vaults_dpeg_encased_lava, v_alt_pattern_6,
          nicolae_vaults_ring_of_whatevers, nicolae_vaults_ring_of_whatevers,
          v_alt_pattern_4, v_misc_27, layout_vaults_omnicross, uniq_mara,
          uniq_frederick, uniq_boris
Vaults:3: minmay_crypt_entry_simple_plaza, v_misc_32, v_misc_16,
          hangedman_vaults_corner, v_misc_3, nicolae_vaults_twisting_passages,
          hangedman_vaults_trim, layout_vaults_chaotic_city, serial_shops,
          nicolae_shop_trees, uniq_aizul, uniq_saint_roka
Vaults:4: ebering_vaults_ghost_reflecting_pool, nicolae_vaults_asterisk,
          v_alt_pattern_1, v_misc_8, vaults_room_corners, v_rooms_4,
          nicolae_vaults_shelves_hall, vaults_mumra_hex,
          hangedman_vaults_stretched_pinwheel, v_pattern_3, vaults_room_pools,
          vaults_room_glass_cross, v_alt_pattern_2, v_rooms_4,
          vaults_dpeg_diagonal, v_misc_22, layout_vaults_maze
Vaults:5: serial_shops
Depths:1: layout_small_grid, hangedman_decor_diamond_cutter, special_room
          [special_room_mythical_zoo], pf_vacation_house_of_asmodeus,
          serial_shops, nicolae_shop_overgrown_old_shop, patterned_corridor
Depths:2: cheibrodos_lost_city_excavation, layout_twisted_cavern,
          enter_ziggurat_f, hell_entry
Depths:3: minmay_eyes, layout_basic, gammafunk_ghost_icy, special_room
          [special_room_jelly], hell_entry, rand_demon_pan_entry_3,
          marbit_kobold_abyss_entry, roderic_lattice_a, uniq_nikola
Depths:4: due_jory_tower, layout_basic, pan_entry, abyss_entry,
          solitary_fountain, hell_entry, kennysheep_generic_room_14,
          uniq_margery
Depths:5: evilmike_zot_entry_round, layout_cave_shapes,
          serial_sigils_hangedman_stare, minmay_room_of_horrors, hell_entry,
          hangedman_decor_lopped, minmay_shop_grove
Zot:1:    layout_concentric_octagons
Zot:2:    layout_gridlike
Zot:3:    kennysheep_ambush_hall, layout_basic, nicolae_lava_and_water
Zot:4:    minmay_elemental_castle, layout_gridlike
Zot:5:    layout_misc_corridors, st_stairs_6, basic_stair_grate_trap

Skill      XL: |  1  2  3  4  5  6  7  8  9 10 11 12 13 14 15 16 17 18 19 20 21 22 23 24 25 26 27 |
---------------+----------------------------------------------------------------------------------+-----
Slings         | 3 4 6 7 9 11 13 14 16 17 18 20 21 22 23 24 25 26 27 | 27.0
Dodging        | 4 6 8 9 10 12 13 14 15 16 17 18 19 20 21 24 | 24.2
Fighting       | 4 6 7 8 10 11 12 13 14 15 16 17 18 19 22 | 22.9
Shields        | 3 5 6 7 8 9 10 11 12 13 14 15 16 17 19 | 19.7
Stealth        | 2 6 8 10 12 13 14 16 17 18 19 20 21 22 26 | 26.1
Armour         | 1 3 5 6 7 8 9 10 11 12 13 14 16 | 16.9
Spellcasting   | |  1.0

Action                   |  1- 3 |  4- 6 |  7- 9 | 10-12 | 13-15 | 16-18 | 19-21 | 22-24 | 25-27 || total
-------------------------+-------+-------+-------+-------+-------+-------+-------+-------+-------++-------
Melee: Unarmed           |       |       |     3 |       |       |       |       |       |       ||     3
 Fire: Fustibalus        |    10 |    54 |   266 |   319 |   443 |   407 |   636 |   597 |  1074 ||  3806
Throw: Bone              |       |       |     5 |       |       |       |       |       |       ||     5
       Stone             |       |       |     4 |       |       |       |       |       |       ||     4
       Skull             |       |       |     3 |       |       |       |       |       |       ||     3
       Rusty metal       |       |       |     1 |       |       |       |       |       |       ||     1
Invok: Potion Petition   |       |       |     1 |     1 |       |       |       |       |     2 ||     4
       Call Merchant     |       |       |       |       |       |     3 |     4 |     3 |     2 ||    12
Evoke: Wand              |       |       |       |       |       |       |       |     1 |     1 ||     2
  Use: Scroll            |       |       |     8 |     6 |     3 |     2 |     8 |     6 |    20 ||    53
       Potion            |       |       |     1 |     1 |     1 |       |     3 |     2 |     8 ||    16
  Eat: Chunk             |     6 |     2 |     1 |       |       |       |       |     1 |       ||    10
       Ration            |       |       |       |     4 |    10 |     7 |     9 |    12 |    15 ||    57
Armor: Robe              |       |     7 |    27 |     3 |       |       |       |       |       ||    37
       Scale mail        |       |       |       |       |     7 |    16 |       |       |       ||    23
       Ring mail         |       |       |       |       |     2 |       |       |       |       ||     2
       Chain mail        |       |       |       |       |       |       |    53 |     1 |    27 ||    81
       Plate armour      |       |       |       |       |       |       |       |    34 |    34 ||    68
Dodge: Dodged            |       |     3 |     3 |     2 |     7 |     8 |    17 |    19 |    64 ||   123
Block: Buckler           |       |       |     1 |     3 |     2 |       |       |       |       ||     6
       Reflection        |       |       |       |     1 |     1 |       |       |       |       ||     2
       Heater shield     |       |       |       |       |     3 |    22 |    75 |    28 |   105 ||   233
